 Dungeon Crawl Stone Soup version 0.26-b1-32-g5d43845318 (webtiles) character file.

Game seed: 1637968609380896325

332 sentinel the Skirmisher (level 6, -9/52 HPs)
             Began as a Demonspawn Conjurer on Jan 10, 2021.
             Mangled by an ogre
             ... wielding a +0 giant club
              (16 damage)
             ... on level 3 of the Dungeon.
             The game lasted 00:03:53 (3444 turns).

sentinel the Skirmisher (Demonspawn Conjurer)       Turns: 3444, Time: 00:03:53

Health: -9/52      AC:  4    Str:  7    XL:     6   Next: 26%
Magic:  5/9        EV: 12    Int: 21    God:
Gold:   148        SH:  0    Dex: 16    Spells: 6/9 levels left

rFire    . . .     SeeInvis .   o - +2 quarterstaff (chaos)
rCold    . . .     Faith    .   (shield currently unavailable)
rNeg     . . .     Spirit   .   f - +0 leather armour
rPois    .         Reflect  .   (no helmet)
rElec    .         Harm     .   n - +0 cloak (curse)
rCorr    .         Rampage  .   (no gloves)
Will     .....                  (no boots)
Stlth    ++++......             (no amulet)
HPRegen  0.17/turn              (no ring)
MPRegen  0.11/turn              (no ring)

@: no status effects
A: talons 1, thin skeletal structure 2
a: no special abilities


You were on level 3 of the Dungeon.
You visited 1 branch of the dungeon, and saw 3 of its levels.

You collected 148 gold pieces.

Inventory:

Hand Weapons
 d - a +0 short sword
 l - a +3 hand axe
 o - a +2 quarterstaff of chaos (weapon)
Missiles
 c - 22 poisoned darts
Armour
 a - a +0 robe
 e - a +0 plate armour
 f - a +0 leather armour (worn)
 n - a cursed +0 cloak (worn)
Jewellery
 v - an uncursed ring of stealth {unknown}
Scrolls
 b - 3 scrolls of fog {unknown}
 g - 4 scrolls of noise {unknown}
 h - 3 scrolls of teleportation {unknown}
 i - 3 scrolls of enchant weapon {unknown}
 k - a scroll of enchant armour {unknown}
 p - a scroll of remove curse {unknown}
 r - 2 scrolls of identify {unknown}
 t - a scroll of amnesia {unknown}
Potions
 j - 4 potions of heal wounds {unknown}
 m - 2 potions of brilliance {unknown}
 q - a potion of flight {unknown}
 s - a potion of magic {unknown}
 u - a potion of attraction {unknown}
 w - a potion of might {unknown}


   Skills:
 + Level 6.3 Fighting
 - Level 1.7 Dodging
 - Level 1.7 Stealth
 - Level 2.0 Spellcasting
 - Level 4.0 Conjurations


You had 6 spell levels left.
You knew the following spells:

 Your Spells              Type           Power        Failure   Level
a - Magic Dart            Conj           72%          4%          1
b - Searing Ray           Conj           36%          6%          2

Your spell library contained the following spells:

 Spells                   Type           Power        Failure   Level
 Dazzling Flash           Conj/Hex       20%          28%         3
 Fulminant Prism          Conj/Hex       5%           67%         4
 Iskenderun's Mystic Bla  Conj/Tloc      10%          67%         4


Dungeon Overview and Level Annotations

Branches:
Dungeon (3/15)

Altars:


Innate Abilities, Weirdness & Mutations

You have sharp toenails.
You have a moderately thin skeletal structure. (Dex +4, Stealth+)


Message History

The dart slug launches a dart at you. The slug dart hits you.
A rat comes into view.
The rat twitches its whiskers.
There is a stone staircase leading down here.
You hit the frilled lizard.
You kill the frilled lizard!
You completely miss the goblin. The goblin hits you but does no damage.
The goblin barely misses you.
You hit the goblin.
You kill the goblin!
You hit the dart slug. You burn the dart slug.
The dart slug bites you but does no damage.
You barely miss the dart slug. The dart slug launches a dart at you.
The slug dart hits you!
You sock the dart slug!
You kill the dart slug!
The bat hits you but does no damage. The bat hits you but does no damage.
The bat barely misses you.
There is a stone staircase leading down here.
Things that are here:
a dart slug corpse; a frilled lizard corpse You sock the rat!
You kill the rat!
The bat hits you but does no damage. x2
You sock the bat!
You kill the bat!
The giant cockroach bites you but does no damage.
You barely miss the giant cockroach.
The giant cockroach bites you but does no damage.
You barely miss the giant cockroach. Your kick misses the giant cockroach.
The giant cockroach barely misses you.
The giant cockroach bites you but does no damage.
You hit the giant cockroach but do no damage.
You claw the giant cockroach, but do no damage.
The giant cockroach bites you but does no damage.
The giant cockroach completely misses you.
You hit the giant cockroach. You burn the giant cockroach.
The giant cockroach bites you but does no damage.
You barely miss the giant cockroach. You claw the giant cockroach.
You kill the giant cockroach!
You hit the rat. You freeze the rat.
You kill the rat!
No target in view!
No target in view!
No target in view!
No target in view!
No target in view!
No target in view!
No target in view!
No target in view!
No target in view!
No target in view!
No target in view!
No target in view!
No target in view!
No target in view!
Things that are here:
a bat corpse; a rat corpse But you're not safe!
But you're not safe! But you're not safe! But you're not safe!
The bat hits you but does no damage. The bat closely misses you.
The bat hits you. The bat hits you but does no damage.
The bat barely misses you.
You closely miss the bat. The bat misses you. x2
You closely miss the bat. The bat hits you but does no damage.
The bat misses you. The bat hits you.
Found 26 stones.
The bat hits you but does no damage.
Found an escape hatch in the floor.
You closely miss the bat. The bat hits you but does no damage.
The bat closely misses you. But you're not safe! But you're not safe!
But you're not safe!
You sock the bat!
You kill the bat!
No target in view!
No target in view!
No target in view!
No target in view!
No target in view!
No target in view!
No target in view!
Found 3 large rocks.
You see here 3 large rocks.
h - 3 scrolls labelled NICUAH DUEQEWN (gained 1)
A leopard gecko and a rat come into view.
But you're not safe! But you're not safe! But you're not safe!
But you're not safe!
The helpless leopard gecko fails to defend itself.
You sock the leopard gecko! You freeze the leopard gecko.
You kill the leopard gecko!
The helpless rat fails to defend itself.
You hit the rat. Lightning courses through the rat!
You kill the rat!
No target in view!
No target in view!
No target in view!
No target in view!
No target in view!
No target in view!
No target in view!
No target in view!
An ogre comes into view. It is wielding a +0 giant club.
But you're not safe! But you're not safe! But you're not safe!
But you're not safe!
You see here 10 gold pieces.
The ogre shouts!
The ogre barely misses you.
You sock the ogre! You burn the ogre. The ogre hits you with a +0 giant club!
You hit the ogre but do no damage. The ogre hits you with a +0 giant club!
You are too injured to fight recklessly!
You are too injured to fight recklessly!
You are too injured to fight recklessly!
You are too injured to fight recklessly!
You are too injured to fight recklessly!
You are too injured to fight recklessly!
You are too injured to fight recklessly!
You are too injured to fight recklessly!
You are too injured to fight recklessly!
You see here 10 gold pieces.
The ogre hits you with a +0 giant club.
You see here a rat skeleton.
There is a stone staircase leading up here.
There is a stone staircase leading up here.
The ogre misses you.
There is a stone staircase leading up here.
Aim: an ogre, wielding a +0 giant club (lightly wounded, 11% to evade)
The searing ray hits the ogre. (Press . to maintain the ray.)
The ogre hits you with a +0 giant club!!
* * * LOW HITPOINT WARNING * * *
HP warning!
The searing ray hits the ogre.
The ogre closely misses you.
HP warning!
The searing ray hits the ogre.
HP warning!
You barely miss the ogre. You claw the ogre.
The ogre hits you with a +0 giant club!
You die...

#........... ###
##........... ..#
######............
..#
#.................
..#
#.......#.........
..#####
#.......#####..#..
......# ##.......#
##)#.. ..###.##
##........# #††..
..# #..# #.O@......#
#..#. .##
##.#######.#.......#
##<.#. .#
#.........#<#######
#..##. .#
###..÷.##...#
##..##. .##
#.#####...## #...##.
..# ##.# #....#####
##.#.##. #.# ###..#
#.##.....# #..#.##<
#.###...##
#.######.####†##.##[
#..#..### ####.#
#......##.##)


You could see an ogre.

Vanquished Creatures
  2 orc priests (D:3)
  Crazy Yiuf (D:2)
  Jessica (D:3)
  An orc wizard (D:3)
  Natasha (thrice) (D:2)
  2 adders (D:2)
  4 worms
  2 dart slugs
  2 leopard geckos (D:3)
  7 orcs (D:3)
  2 ball pythons
  9 bats
  4 giant cockroaches
  7 goblins
  7 hobgoblins
  7 jackals
  3 quokkas
  2 frilled lizards (D:3)
  6 kobolds
  7 rats
79 creatures vanquished.

Notes
Turn   | Place    | Note
-------+----------+-------------------------------------------
     0 | D:1      | sentinel the Demonspawn Conjurer began the quest for the
                  | Orb.
     0 | D:1      | Reached XP level 1. HP: 13/13 MP: 3/3
    82 | D:1      | Reached skill level 1 in Fighting
   232 | D:1      | Gained mutation: You have a somewhat thin skeletal
                  | structure. (Dex +2, Stealth) [demonic ancestry]
   232 | D:1      | Reached XP level 2. HP: 22/22 MP: 1/5
   326 | D:1      | Learned a level 2 spell: Searing Ray
   334 | D:1      | Reached skill level 2 in Fighting
  1015 | D:2      | Noticed Natasha
  1018 | D:2      | Killed Natasha
  1019 | D:2      | Reached skill level 3 in Fighting
  1019 | D:2      | Gained mutation: You have sharp toenails. [demonic
                  | ancestry]
  1019 | D:2      | Reached XP level 3. HP: 27/29 MP: 1/6
  1237 | D:2      | Reached XP level 4. HP: 28/37 MP: 1/7
  1405 | D:2      | Noticed Natasha
  1409 | D:2      | Killed Natasha
  1410 | D:2      | Reached skill level 4 in Fighting
  1671 | D:2      | Noticed Natasha
  1683 | D:2      | Killed Natasha
  1895 | D:2      | Reached XP level 5. HP: 43/43 MP: 0/8
  2032 | D:2      | Found a runed translucent door.
  2033 | D:2      | Noticed Crazy Yiuf
  2147 | D:2      | Killed Crazy Yiuf
  2148 | D:2      | Reached skill level 5 in Fighting
  2536 | D:3      | Found a faded altar of an unknown god.
  2833 | D:3      | Noticed Jessica
  2839 | D:3      | Killed Jessica
  2840 | D:3      | Gained mutation: You have a moderately thin skeletal
                  | structure. (Dex +4, Stealth+) [demonic ancestry]
  2840 | D:3      | Reached XP level 6. HP: 51/52 MP: 6/9
  2943 | D:3      | Reached skill level 6 in Fighting
  3444 | D:3      | Mangled by an ogre

Illustrated notes

Levels and vault maps discovered:
D:1:      ncdulo_watergridlock, layout_loops_ring, minmay_door_square
D:2:      layout_basic, uniq_natasha, uniq_crazy_yiuf_cottage
D:3:      layout_rooms, chequers_ecumenical_altar_island, uniq_jessica

Skill      XL: |  1  2  3  4  5  6 |
---------------+-------------------+-----
Fighting       | 1 3 4 5 6 |  6.3
Dodging        | |  1.7
Stealth        | |  1.7
Spellcasting   | |  2.0
Conjurations   | |  4.0

Action                   |  1- 3 |  4- 6 || total
-------------------------+-------+-------++-------
Melee: Unarmed           |     1 |       ||     1
       Short sword       |    23 |    15 ||    38
       Kick              |     1 |    16 ||    17
       Quarterstaff      |       |    75 ||    75
       Hand axe          |       |     2 ||     2
 Cast: Magic Dart        |    32 |    21 ||    53
       Searing Ray       |     6 |    11 ||    17
 Stab: Sleeping          |       |     5 ||     5
Armor: Leather armour    |    11 |    43 ||    54
Dodge: Dodged            |    30 |    72 ||   102
